cohdb
Replays
Latest Replays
All Replays
Popular Replays
Top Player Replays
Match Explorer
How It Works
Community
CoH3 Stats
Reddit
Sign in to upload your games and track your stats! →
Sign in with Steam
Match 40437783
Unlisted
Match 40437783
Overview
Messages
Build Orders
End
Kradschützen Motorcycle Team
Selects Italian Combined Arms Battlegroup
Selects Bersaglieri Squad
Bersaglieri Squad
Bersaglieri Squad
Construct Light Support Kompanie
2.5-tonne Medical Truck
Selects Bersaglieri Bolster
Panzerjäger Mechanized Group
Fire Support Elements
le.IG 18 Support Gun Team
D0minatedX
DJXzzZ
Spoopys
Trackpader
0
0
Comments
sign in to comment!
No comments posted yet!